[Event "European Online Club-ch-A 2021"]
[Site "Online"]
[Date "2021.03.27"]
[Round "2.7"]
[White "Pein, Malcolm"]
[Black "Agopov, Mikael"]
[Result "1-0"]
[ECO "D38"]
[WhiteElo "2309"]
[BlackElo "2427"]
[Annotator "NA"]
[PlyCount "121"]
[EventDate "2021.03.27"]
[EventType "team-tourn"]
[EventCountry "NET"]
[SourceTitle "playchess.com"]
[Source "ChessBase"]
[SourceQuality "1"]
[TimeControl "900+5"]

1. d4 Nf6 2. c4 e6 3. Nf3 d5 4. Nc3 Bb4 5. Bg5 h6 6. Bxf6 Qxf6 7. e3 O-O 8. Qb3 c5 9. cxd5 exd5 10. Qxd5 Nc6 11. Bd3 cxd4 12. Nxd4 Rd8 13. Qe4 Nxd4 14. Qh7+ Kf8 15. exd4 Re8+ 16. Kf1 Qxd4 17. Bb5 Be6 18. Ne2 Bc4 19. Bxc4 Qxc4 20. Qh8+ Ke7 21. Qxg7 Kd7 22. Qd4+ Qxd4 23. Nxd4 Rad8 24. Rc1 Re4 25. Nf3 Ke6 26. g3 Ba5 27. Rc2 f5 28. Kg2 Rd3 29. Rhc1 Bb6 30. Nd2 Re2 31. Nc4 Rxc2 32. Rxc2 Bd4 33. Nd2 b5 34. Nf3 Bb6 35. Rd2 Rxd2 36. Nxd2 Kd5 37. Kf3 a5 38. Ke2 a4 39. f3 Bd4 40. b3 Kc5 41. Kd3 Be5 42. f4 Bd4 43. bxa4 bxa4 44. Nf3 Ba1 45. Nh4 Kb4 46. Kc2 Bd4 47. Nxf5 Bg1 48. Nxh6 Bxh2 49. Nf5 Ka3 50. Kb1 Kb4 51. Kb2 a3+ 52. Kc2 Kc4 53. Ne3+ Kd4 54. Nf1 Bg1 55. Kb3 Ke4 56. Kxa3 Kf3 57. f5 Bd4 58. Kb4 Kf2 59. Kc4 Bg7 60. g4 Kxf1 61. g5 1-0

[Event "European Online Club-ch-A 2021"]
[Site "Online"]
[Date "2021.03.27"]
[Round "2.8"]
[White "Wintzer, Joachim"]
[Black "Royal, Shreyas"]
[Result "1-0"]
[ECO "E70"]
[WhiteElo "2274"]
[BlackElo "2121"]
[Annotator "NA"]
[PlyCount "93"]
[EventDate "2021.03.27"]
[EventType "team-tourn"]
[EventCountry "NET"]
[SourceTitle "playchess.com"]
[Source "ChessBase"]
[SourceQuality "1"]
[TimeControl "900+5"]

1. d4 Nf6 2. c4 g6 3. Nc3 Bg7 4. e4 d6 5. Bd3 O-O 6. Nge2 e5 7. d5 a5 8. f3 Na6 9. Bg5 h6 10. Be3 Nc5 11. Bc2 Nh7 12. Qd2 f5 13. exf5 Bxf5 14. O-O Qh4 15. b3 Rae8 16. Ng3 e4 17. fxe4 Nxe4 18. Ngxe4 Bxe4 19. Nxe4 Bxa1 20. Rxa1 Rxe4 21. Bxe4 Qxe4 22. Bxh6 Re8 23. Rf1 a4 24. Qf2 Re7 25. h3 g5 26. Qf5 Qxf5 27. Rxf5 Re1+ 28. Kh2 Re2 29. bxa4 Rxa2 30. Bxg5 Rxa4 31. c5 Nxg5 32. Rxg5+ Kf7 33. cxd6 cxd6 34. Rf5+ Kg6 35. Rf3 Rb4 36. Re3 Kf7 37. g4 Rb5 38. Rf3+ Kg7 39. Rf5 Rb3 40. h4 b5 41. h5 Rd3 42. g5 b4 43. g6 b3 44. Rf7+ Kh8 45. h6 Rd2+ 46. Kg3 Rd3+ 47. Kf2 1-0

[Event "European Online Club-ch-A 2021"]
[Site "Online"]
[Date "2021.03.27"]
[Round "2.9"]
[White "Celik, Hasan Huseyin"]
[Black "Hera, Imre Jr."]
[Result "1/2-1/2"]
[ECO "A45"]
[WhiteElo "2173"]
[BlackElo "2610"]
[Annotator "ChessBase"]
[PlyCount "115"]
[EventDate "2021.03.27"]
[EventType "team-tourn"]
[EventCountry "NET"]
[SourceTitle "playchess.com"]
[Source "ChessBase"]
[SourceQuality "1"]
[TimeControl "900+5"]

1. d4 Nf6 2. Bg5 e6 3. e4 h6 4. Bxf6 Qxf6 5. c3 e5 6. Bc4 Qg6 7. Qf3 Nc6 8. Ne2 d6 9. Bb5 Be7 10. dxe5 dxe5 11. Nd2 O-O 12. Qg3 Bg5 13. Nf3 Qxe4 14. Nxg5 hxg5 15. Qxg5 Be6 16. O-O f6 17. Qg3 Rad8 18. Rfd1 Rxd1+ 19. Rxd1 Qc2 20. Qd3 Qxd3 21. Rxd3 Bxa2 22. Bxc6 bxc6 23. Rd2 Bc4 24. Ng3 Be6 25. f3 Kf7 26. Kf2 Ke7 27. Ne4 a5 28. h4 Rb8 29. g4 Rb5 30. Ke3 c5 31. h5 c4 32. g5 f5 33. Nf2 Rb8 34. Nd1 Rh8 35. Rh2 Bf7 36. h6 gxh6 37. gxh6 f4+ 38. Ke2 Kf6 39. Nf2 Kg5 40. Rg2+ Kf5 41. Rg7 Bh5 42. Rxc7 Rxh6 43. Rxc4 Rb6 44. Nd3 Kf6 45. Rc5 Bg6 46. Rxa5 Bxd3+ 47. Kxd3 Rxb2 48. Ra6+ Kf5 49. Ra8 Rf2 50. Rf8+ Ke6 51. Re8+ Kd6 52. Ke4 Re2+ 53. Kf5 Re3 54. c4 Rxf3 55. Rxe5 Rc3 56. Kxf4 Rxc4+ 57. Re4 Rxe4+ 58. Kxe4 1/2-1/2

[Event "European Online Club-ch-A 2021"]
[Site "Online"]
[Date "2021.03.27"]
[Round "2.10"]
[White "Nemeth, Miklos"]
[Black "Durak, Can"]
[Result "1/2-1/2"]
[ECO "C50"]
[WhiteElo "2488"]
[BlackElo "2187"]
[Annotator "ChessBase"]
[PlyCount "79"]
[EventDate "2021.03.27"]
[EventType "team-tourn"]
[EventCountry "NET"]
[SourceTitle "playchess.com"]
[Source "ChessBase"]
[SourceQuality "1"]
[TimeControl "900+5"]

1. e4 e5 2. Nf3 Nc6 3. Bc4 Bc5 4. O-O Nf6 5. d4 Bxd4 6. Nxd4 Nxd4 7. f4 d6 8. fxe5 dxe5 9. Bg5 Ne6 10. Qxd8+ Kxd8 11. Bxf6+ gxf6 12. Nc3 c6 13. Rxf6 b5 14. Bb3 Ke7 15. Raf1 Rf8 16. Rh6 a5 17. a4 b4 18. Nd1 Nd4 19. Ne3 Nxb3 20. cxb3 Be6 21. Nf5+ Bxf5 22. Rxf5 f6 23. Rxh7+ Rf7 24. Rxf7+ Kxf7 25. Kf2 Rd8 26. Ke3 Rd1 27. Rf2 Kg6 28. Rc2 Rb1 29. Rf2 Kg5 30. Kd3 Kg6 31. g3 Kf7 32. Rc2 Rd1+ 33. Ke3 Rb1 34. h4 Rg1 35. Kf3 Rd1 36. Ke2 Rg1 37. Kf2 Rd1 38. Ke2 Rg1 39. Kf2 Rd1 40. Ke2 1/2-1/2

[Event "European Online Club-ch-A 2021"]
[Site "Online"]
[Date "2021.03.27"]
[Round "2.11"]
[White "Gurel, Ediz"]
[Black "Kovacs, Gabor"]
[Result "0-1"]
[ECO "C87"]
[WhiteElo "2168"]
[BlackElo "2455"]
[Annotator "ChessBase"]
[PlyCount "98"]
[EventDate "2021.03.27"]
[EventType "team-tourn"]
[EventCountry "NET"]
[SourceTitle "playchess.com"]
[Source "ChessBase"]
[SourceQuality "1"]
[TimeControl "900+5"]

1. e4 e5 2. Nf3 Nc6 3. Bb5 a6 4. Ba4 d6 5. c3 Bd7 6. O-O Nf6 7. Re1 Be7 8. d4 O-O 9. Nbd2 exd4 10. cxd4 Nb4 11. Bxd7 Qxd7 12. Qb3 d5 13. e5 Nh5 14. a3 Nc6 15. Nf1 Nd8 16. Qc2 Ne6 17. Ne3 Rfd8 18. Nf5 Rac8 19. Nxe7+ Qxe7 20. Qf5 g6 21. Qg4 c5 22. Be3 cxd4 23. Nxd4 Nxd4 24. Bxd4 Qe6 25. Qf3 Ng7 26. Be3 Qf5 27. Qg3 Ne6 28. Rad1 d4 29. Bh6 Rc2 30. Rd2 Rdc8 31. h4 Rxd2 32. Bxd2 Rc2 33. Bg5 Rxb2 34. Bf6 Rb1 35. Rxb1 Qxb1+ 36. Kh2 Qe4 37. Qb3 h6 38. Qc4 Qc6 39. Qb4 Qd7 40. Qd2 Kh7 41. h5 d3 42. hxg6+ fxg6 43. g3 Qd4 44. Kg2 g5 45. f3 Kg6 46. Kh2 Qc4 47. Qa5 Qc2+ 48. Kh3 d2 49. Qb6 Qf5+ 0-1

[Event "European Online Club-ch-A 2021"]
[Site "Online"]
[Date "2021.03.27"]
[Round "2.12"]
[White "Csonka, Attila Istvan"]
[Black "Tinmaz, Kerem"]
[Result "1/2-1/2"]
[ECO "C00"]
[WhiteElo "2362"]
[BlackElo "1614"]
[Annotator "NA"]
[PlyCount "155"]
[EventDate "2021.03.27"]
[EventType "team-tourn"]
[EventCountry "NET"]
[SourceTitle "playchess.com"]
[Source "ChessBase"]
[SourceQuality "1"]
[TimeControl "900+5"]

1. e4 c5 2. Nf3 e6 3. b3 Nf6 4. Qe2 Nc6 5. Bb2 Be7 6. g3 O-O 7. Bg2 d6 8. O-O Bd7 9. d4 cxd4 10. Nxd4 Nxd4 11. Bxd4 Bc6 12. c4 Re8 13. Bb2 Qb6 14. Nc3 Rad8 15. Rad1 h6 16. Kh1 a6 17. Rd2 Qc7 18. Rfd1 Bf8 19. h3 g6 20. Nb5 axb5 21. Bxf6 Rc8 22. cxb5 Bd7 23. a4 e5 24. g4 Qc3 25. Rd3 Qb4 26. Qe3 Kh7 27. Bf3 Rc2 28. Kg2 Be6 29. Qb6 Qc5 30. Qxc5 Rxc5 31. g5 h5 32. R1d2 Rec8 33. Bd1 Rc3 34. h4 Kg8 35. Rxd6 Bxd6 36. Rxd6 Bxb3 37. Bxe5 Bxd1 38. Bxc3 Rxc3 39. Rxd1 Rc4 40. Kf3 Rxa4 41. Rd8+ Kg7 42. Rb8 Ra3+ 43. Kg2 Ra4 44. f3 Ra2+ 45. Kg3 Ra1 46. Rxb7 Rg1+ 47. Kh2 Rf1 48. Kg2 Rb1 49. b6 Rb2+ 50. Kg3 Rb1 51. Rb8 Rb2 52. b7 Rb1 53. Kf4 Rb3 54. Ke5 Rb1 55. f4 Rb5+ 56. Kd6 Rb1 57. f5 Rd1+ 58. Ke5 Rb1 59. fxg6 fxg6 60. Kd5 Rd1+ 61. Ke6 Rb1 62. e5 Rb6+ 63. Kd5 Rb1 64. e6 Rd1+ 65. Kc4 Rc1+ 66. Kd3 Rb1 67. Rd8 Rd1+ 68. Kc4 Rxd8 69. Kc5 Kf8 70. Kc6 Ke7 71. Kc7 Rh8 72. b8=Q Rxb8 73. Kxb8 Kxe6 74. Kc7 Ke7 75. Kc6 Ke6 76. Kc7 Ke7 77. Kc6 Ke6 78. Kc7 1/2-1/2

[Event "European Online Club-ch-A 2021"]
[Site "Online"]
[Date "2021.03.27"]
[Round "2.13"]
[White "Finek, Vaclav"]
[Black "Deac, Bogdan-Daniel"]
[Result "0-1"]
[ECO "D29"]
[WhiteElo "2361"]
[BlackElo "2625"]
[Annotator "ChessBase"]
[PlyCount "116"]
[EventDate "2021.03.27"]
[EventType "team-tourn"]
[EventCountry "NET"]
[SourceTitle "playchess.com"]
[Source "ChessBase"]
[SourceQuality "1"]
[TimeControl "900+5"]

1. d4 Nf6 2. Nf3 d5 3. c4 e6 4. Nc3 dxc4 5. e3 a6 6. Bxc4 b5 7. Bb3 Bb7 8. O-O Nbd7 9. a4 b4 10. Nb1 c5 11. Qe2 Be7 12. Rd1 O-O 13. Nbd2 Qc7 14. Nc4 a5 15. Bd2 Ba6 16. Rac1 Nb6 17. Qe1 Bxc4 18. Bxc4 Nxa4 19. Rc2 cxd4 20. Bb3 Qd7 21. Ne5 Qe8 22. exd4 Nb6 23. Nxf7 Rxf7 24. Qxe6 a4 25. Qxf7+ Qxf7 26. Bxf7+ Kxf7 27. Rcc1 Nfd5 28. g3 b3 29. Kg2 a3 30. bxa3 Rxa3 31. Rb1 Nc4 32. Bc1 Nc3 33. Bxa3 Nxa3 34. Rxb3 Nxd1 35. d5 Nc4 36. h4 Ndb2 37. Rf3+ Ke8 38. h5 Na4 39. Rf4 Nab6 40. Rg4 Bf6 41. h6 g6 42. Re4+ Kf7 43. g4 Nd6 44. Re3 Nxd5 45. Rf3 g5 46. Kf1 Nc4 47. Kg1 Ne5 48. Rg3 Nf4 49. Kf1 Kg6 50. Ra3 Nxg4 51. Ra6 Nxh6 52. Rc6 Nf5 53. Ra6 g4 54. Ra4 Kg5 55. Kg1 h5 56. Rc4 Bd4 57. Kf1 Nh3 58. f3 Ne3+ 0-1

[Event "European Online Club-ch-A 2021"]
[Site "Online"]
[Date "2021.03.27"]
[Round "2.14"]
[White "Istratescu, Andrei"]
[Black "Hrbek, Stepan"]
[Result "1-0"]
[ECO "D36"]
[WhiteElo "2553"]
[BlackElo "2230"]
[Annotator "ChessBase"]
[PlyCount "103"]
[EventDate "2021.03.27"]
[EventType "team-tourn"]
[EventCountry "NET"]
[SourceTitle "playchess.com"]
[Source "ChessBase"]
[SourceQuality "1"]
[TimeControl "900+5"]

1. d4 d5 2. c4 e6 3. Nc3 Nf6 4. cxd5 exd5 5. Bg5 Be7 6. e3 c6 7. Bd3 Nbd7 8. Qc2 h6 9. Bh4 Nh5 10. Bxe7 Qxe7 11. Nge2 Nb6 12. h3 Bd7 13. O-O-O O-O-O 14. Kb1 Kb8 15. Nc1 g6 16. Nb3 Ng7 17. Rhe1 Bf5 18. f3 Bxd3 19. Qxd3 f5 20. e4 dxe4 21. fxe4 Qb4 22. exf5 Nxf5 23. g4 Ne7 24. Nc5 Nc4 25. b3 Na3+ 26. Kb2 Nc8 27. Qg3+ Ka8 28. Ne6 Rd6 29. Nc7+ Kb8 30. Ne8 Ka8 31. Nxd6 Nxd6 32. Re2 Rd8 33. Ka1 Ndb5 34. Nxb5 Nxb5 35. Qe1 Qd6 36. Re8 Nxd4 37. Rxd8+ Qxd8 38. Qe5 Nxb3+ 39. Kb2 Nd2 40. Kc2 Qg8 41. Rxd2 Qxa2+ 42. Kd1 Qb3+ 43. Ke2 Qc4+ 44. Kf2 a6 45. Qh8+ Ka7 46. Qd4+ Qxd4+ 47. Rxd4 a5 48. Ke3 Kb6 49. Rd6 Kc5 50. Rxg6 Kb4 51. Kd3 a4 52. Kc2 1-0

[Event "European Online Club-ch-A 2021"]
[Site "Online"]
[Date "2021.03.27"]
[Round "2.15"]
[White "Pribyl, Viktor"]
[Black "Marin, Mihail"]
[Result "0-1"]
[ECO "B76"]
[WhiteElo "2208"]
[BlackElo "2502"]
[Annotator "ChessBase"]
[PlyCount "96"]
[EventDate "2021.03.27"]
[EventType "team-tourn"]
[EventCountry "NET"]
[SourceTitle "playchess.com"]
[Source "ChessBase"]
[SourceQuality "1"]
[TimeControl "900+5"]

1. e4 c5 2. Nf3 d6 3. d4 cxd4 4. Nxd4 Nf6 5. Nc3 g6 6. Be3 Bg7 7. f3 Nc6 8. Qd2 O-O 9. O-O-O d5 10. Nxc6 bxc6 11. exd5 cxd5 12. Nxd5 Nxd5 13. Qxd5 Qc7 14. Qc5 Qb7 15. b3 Bf5 16. Bd3 Rfc8 17. Qa5 Bc3 18. Qa3 a5 19. Bxf5 gxf5 20. Qa4 Qb4 21. Rd5 e6 22. Rb5 Qxa4 23. bxa4 Rc4 24. Rb3 Rac8 25. Rd1 Bb4 26. Kb1 Rxc2 27. a3 Bf8 28. Bd4 Rxg2 29. h4 Rd8 30. f4 Bg7 31. Rbd3 Rb8+ 32. Ka1 Bxd4+ 33. Rxd4 Rbb2 34. h5 Kg7 35. Rd8 h6 36. Ra8 Ra2+ 37. Kb1 Rgb2+ 38. Kc1 Rf2 39. Rg1+ Kf6 40. Kb1 Rxa3 41. Rh8 Rxa4 42. Rxh6+ Ke7 43. Rh8 Raxf4 44. h6 Rf1+ 45. Rxf1 Rxf1+ 46. Kb2 Rh1 47. Kb3 Rh4 48. Kc3 a4 0-1

[Event "European Online Club-ch-A 2021"]
[Site "Online"]
[Date "2021.03.27"]
[Round "2.16"]
[White "Arkell, Keith C"]
[Black "Brozka, Karel"]
[Result "1-0"]
[ECO "A43"]
[WhiteElo "2381"]
[BlackElo "2080"]
[Annotator "NA"]
[PlyCount "63"]
[EventDate "2021.03.27"]
[EventType "team-tourn"]
[EventCountry "NET"]
[SourceTitle "playchess.com"]
[Source "ChessBase"]
[SourceQuality "1"]
[TimeControl "900+5"]

1. d4 Nf6 2. Nf3 c5 3. d5 d6 4. Nc3 g6 5. e4 Bg7 6. Bb5+ Bd7 7. a4 O-O 8. h3 b6 9. O-O a6 10. Bc4 Ne8 11. Re1 Nc7 12. e5 dxe5 13. Nxe5 Bf5 14. Bf4 Bxe5 15. Bxe5 Re8 16. g4 Bc8 17. d6 exd6 18. Qxd6 Qxd6 19. Bxd6 Rxe1+ 20. Rxe1 Ne6 21. Bd5 Ra7 22. Bxb8 Rd7 23. Bxe6 Re7 24. Nd5 Rxe6 25. Rxe6 Bxe6 26. Nxb6 Kf8 27. Bd6+ Ke8 28. Bxc5 Kd8 29. c4 Kc7 30. b4 Kc6 31. Be3 a5 32. b5+ 1-0

[Event "European Online Club-ch-A 2021"]
[Site "Online"]
[Date "2021.03.27"]
[Round "3.3"]
[White "Timofeev, Artyom"]
[Black "Ferster, Fabian"]
[Result "1-0"]
[ECO "D82"]
[WhiteElo "2594"]
[BlackElo "2149"]
[Annotator "ChessBase"]
[PlyCount "71"]
[EventDate "2021.03.27"]
[EventType "team-tourn"]
[EventCountry "NET"]
[SourceTitle "playchess.com"]
[Source "ChessBase"]
[SourceQuality "1"]
[TimeControl "900+5"]

1. d4 Nf6 2. c4 g6 3. Nc3 d5 4. Bf4 c5 5. dxc5 d4 6. Nb5 Na6 7. Nf3 Bg7 8. Qxd4 O-O 9. Qxd8 Rxd8 10. e3 Nh5 11. Be5 Nxc5 12. Be2 Be6 13. Bxg7 Kxg7 14. Nfd4 Bd7 15. Bxh5 gxh5 16. Ke2 a6 17. Nc3 Rac8 18. Rhd1 e5 19. Nf3 Bg4 20. h3 Bxf3+ 21. gxf3 Ne6 22. Rxd8 Nxd8 23. Rg1+ Kf8 24. Kd3 Ne6 25. b4 f5 26. a4 a5 27. bxa5 Ra8 28. Rb1 Rxa5 29. Rb5 Rxb5 30. cxb5 Ng5 31. a5 Ne6 32. Kc4 Ke7 33. a6 bxa6 34. bxa6 Kd6 35. a7 Nc7 36. Nb5+ 1-0

[Event "European Online Club-ch-A 2021"]
[Site "Online"]
[Date "2021.03.27"]
[Round "3.4"]
[White "Frick, Renato"]
[Black "Sharafiev, Azat"]
[Result "0-1"]
[ECO "E91"]
[WhiteElo "1947"]
[BlackElo "2432"]
[Annotator "NA"]
[PlyCount "66"]
[EventDate "2021.03.27"]
[EventType "team-tourn"]
[EventCountry "NET"]
[SourceTitle "playchess.com"]
[Source "ChessBase"]
[SourceQuality "1"]
[TimeControl "900+5"]

1. e4 g6 2. d4 Bg7 3. Nf3 d6 4. c4 Nf6 5. Nc3 O-O 6. Be2 Bg4 7. Be3 Nfd7 8. O-O a6 9. Qd2 c5 10. d5 b5 11. cxb5 axb5 12. Bh6 b4 13. Bxg7 Kxg7 14. Nd1 Nf6 15. Qd3 Nbd7 16. Nd2 Bxe2 17. Qxe2 Qc8 18. Nc4 Qa6 19. b3 Rfe8 20. Qb2 Kg8 21. f3 Qb7 22. Nde3 Ra6 23. Rfb1 Rea8 24. a4 bxa3 25. Rxa3 Rxa3 26. Nxa3 Ne5 27. Nac4 Nfd7 28. Qc3 Ra2 29. Rb2 Ra1+ 30. Kf2 Qa7 31. Nc2 Rd1 32. Ne1 Qa1 33. Rc2 Rxe1 0-1

[Event "European Online Club-ch-A 2021"]
[Site "Online"]
[Date "2021.03.27"]
[Round "3.8"]
[White "Naiditsch, Arkadij"]
[Black "Costachi, Mihnea"]
[Result "1/2-1/2"]
[ECO "C48"]
[WhiteElo "2649"]
[BlackElo "2471"]
[Annotator "RC"]
[PlyCount "128"]
[EventDate "2021.03.27"]
[EventType "team-tourn"]
[EventCountry "NET"]
[SourceTitle "playchess.com"]
[Source "ChessBase"]
[SourceQuality "1"]
[TimeControl "900+5"]

1. e4 e5 2. Nf3 Nc6 3. Nc3 Nf6 4. Bb5 Nd4 5. O-O Bc5 6. Nxe5 O-O 7. Nd3 Bb6 8. e5 Nxb5 9. Nxb5 Nd5 10. c4 a6 11. Nc3 Nxc3 12. bxc3 d6 13. Ba3 Bf5 14. Nf4 Re8 15. exd6 cxd6 16. d4 Rc8 17. Qb3 Ba5 18. Rfe1 b5 19. c5 Qg5 20. g3 dxc5 21. Bxc5 Bc7 22. Nd5 Bc2 23. Ne7+ Rxe7 24. Bxe7 Qf5 25. Qa3 Be4 26. Qc5 Qf3 27. Rxe4 Qxe4 28. Bd6 Qb7 29. Re1 Ba5 30. Qa3 Qb6 31. Bc5 Qd8 32. Re7 Bb6 33. Qb3 Qf8 34. Ba3 Ba5 35. Ra7 Qe8 36. Re7 Qf8 37. Qd5 b4 38. Rb7 bxa3 39. Qxa5 Qd6 40. Rb3 Qe6 41. Rb1 Qxa2 42. Rf1 Qb2 43. Qxa6 Qxc3 44. d5 Rd8 45. Qb6 Ra8 46. Qb7 Rd8 47. Qe7 Qc8 48. Qxa3 Rxd5 49. h4 h5 50. Re1 Rd8 51. Qe7 Qd7 52. Qg5 g6 53. Qe3 Qf5 54. Kg2 Qd5+ 55. Qe4 Qxe4+ 56. Rxe4 Kg7 57. Ra4 Kf6 58. Ra6+ Kg7 59. Ra7 Rd3 60. Ra6 Rb3 61. Ra7 Rc3 62. Ra6 Rb3 63. Ra7 Rc3 64. Ra6 Rb3 1/2-1/2

[Event "European Online Club-ch-A 2021"]
[Site "Online"]
[Date "2021.03.27"]
[Round "3.9"]
[White "Hera, Imre Jr."]
[Black "Finek, Vaclav"]
[Result "1-0"]
[ECO "E60"]
[WhiteElo "2610"]
[BlackElo "2361"]
[Annotator "ChessBase"]
[PlyCount "89"]
[EventDate "2021.03.27"]
[EventType "team-tourn"]
[EventCountry "NET"]
[SourceTitle "playchess.com"]
[Source "ChessBase"]
[SourceQuality "1"]
[TimeControl "900+5"]

1. Nf3 Nf6 2. g3 g6 3. b3 Bg7 4. Bb2 O-O 5. Bg2 d6 6. c4 c6 7. O-O Bg4 8. d4 Nbd7 9. Nbd2 Qc7 10. h3 Bxf3 11. Nxf3 Rfe8 12. Qc2 Rad8 13. e4 e5 14. Rfe1 h6 15. Rad1 Nh7 16. h4 h5 17. b4 a5 18. a3 axb4 19. axb4 Ra8 20. Bh3 Ndf6 21. c5 dxc5 22. dxc5 Ng4 23. Nd2 Nf8 24. Nc4 Ne6 25. Bxg4 hxg4 26. Qe2 Nd4 27. Bxd4 exd4 28. Qxg4 Ra4 29. Nd6 Re6 30. Rb1 b5 31. f4 d3 32. e5 Ra3 33. Rbd1 Rb3 34. h5 Qe7 35. Qf3 Qc7 36. Rxd3 Rxb4 37. hxg6 Rxg6 38. f5 Rg5 39. f6 Bf8 40. Re4 Rxe4 41. Qxe4 Qa7 42. Qe3 Rg6 43. Ra3 Qd7 44. Qf3 Rg5 45. Re3 1-0

[Event "European Online Club-ch-A 2021"]
[Site "Online"]
[Date "2021.03.27"]
[Round "3.10"]
[White "Hrbek, Stepan"]
[Black "Nemeth, Miklos"]
[Result "1-0"]
[ECO "A28"]
[WhiteElo "2230"]
[BlackElo "2488"]
[Annotator "ChessBase"]
[PlyCount "61"]
[EventDate "2021.03.27"]
[EventType "team-tourn"]
[EventCountry "NET"]
[SourceTitle "playchess.com"]
[Source "ChessBase"]
[SourceQuality "1"]
[TimeControl "900+5"]

1. c4 e5 2. Nc3 Nf6 3. Nf3 Nc6 4. e3 Bb4 5. Qc2 O-O 6. Nd5 Re8 7. Qf5 d6 8. Nxf6+ Qxf6 9. Qxf6 gxf6 10. a3 Ba5 11. b4 Bb6 12. Bb2 a5 13. b5 Ne7 14. O-O-O a4 15. d4 c6 16. c5 dxc5 17. dxe5 fxe5 18. Nxe5 Be6 19. Bc4 Ng6 20. Nd7 Bxd7 21. Rxd7 Re7 22. Rhd1 cxb5 23. Bxb5 Kf8 24. Rxe7 Nxe7 25. Rd7 c4 26. Rxb7 Ba5 27. Bd4 Ng6 28. Kb2 Rc8 29. Bd7 c3+ 30. Kc2 Ra8 31. Bxa4 1-0

[Event "European Online Club-ch-A 2021"]
[Site "Online"]
[Date "2021.03.27"]
[Round "3.11"]
[White "Kovacs, Gabor"]
[Black "Nemec, Jachym"]
[Result "1-0"]
[ECO "D02"]
[WhiteElo "2455"]
[BlackElo "2229"]
[Annotator "ChessBase"]
[PlyCount "79"]
[EventDate "2021.03.27"]
[EventType "team-tourn"]
[EventCountry "NET"]
[SourceTitle "playchess.com"]
[Source "ChessBase"]
[SourceQuality "1"]
[TimeControl "900+5"]

1. d4 Nf6 2. Nf3 g6 3. Bf4 Bg7 4. e3 d5 5. Be2 O-O 6. h3 c5 7. c3 Nc6 8. O-O Nd7 9. Nbd2 e5 10. dxe5 Ndxe5 11. Qb3 Be6 12. Nxe5 Nxe5 13. Qxb7 Rb8 14. Qxa7 Rxb2 15. Rfd1 Qa8 16. Qxa8 Rxa8 17. a4 Nc6 18. Bb5 Na5 19. Ra3 c4 20. Nf3 Nb3 21. Nd4 Bf8 22. Nxb3 Bxa3 23. Nd4 Bc5 24. Be5 Kf8 25. g4 h6 26. Kg2 Ra7 27. Nc6 Ra8 28. Nd4 Rc8 29. Kg3 Bxd4 30. Bxd4 Ke7 31. h4 Bd7 32. Bxd7 Kxd7 33. Bg7 Ke6 34. Bxh6 Ra8 35. Bg7 f6 36. h5 Kf7 37. h6 Ra5 38. g5 fxg5 39. Rh1 Ra8 40. Bd4 1-0

[Event "European Online Club-ch-A 2021"]
[Site "Online"]
[Date "2021.03.27"]
[Round "3.12"]
[White "Smolik, Jachym"]
[Black "Csonka, Attila Istvan"]
[Result "0-1"]
[ECO "D05"]
[WhiteElo "2073"]
[BlackElo "2362"]
[Annotator "NA"]
[PlyCount "138"]
[EventDate "2021.03.27"]
[EventType "team-tourn"]
[EventCountry "NET"]
[SourceTitle "playchess.com"]
[Source "ChessBase"]
[SourceQuality "1"]
[TimeControl "900+5"]

1. d4 Nf6 2. Nf3 e6 3. e3 b6 4. Bd3 Bb7 5. O-O c5 6. b3 Be7 7. Bb2 O-O 8. Nbd2 d5 9. Ne5 Nbd7 10. f4 Ne4 11. Bxe4 dxe4 12. Qe2 f5 13. Rfd1 Nxe5 14. dxe5 Qc7 15. c4 Rad8 16. Nf1 Rd3 17. Rxd3 exd3 18. Qxd3 Rd8 19. Qe2 Qd7 20. Bc3 g6 21. Rc1 Kf7 22. Rc2 Be4 23. Rd2 Qc7 24. Ng3 Rxd2 25. Qxd2 Bb7 26. Nf1 Qc6 27. Qc2 Bh4 28. h3 a6 29. Nh2 h6 30. Nf3 Be7 31. Be1 g5 32. Bg3 b5 33. Qe2 b4 34. Nd2 Kg6 35. Qf3 Qd7 36. Qe2 a5 37. Kf1 Bc6 38. Bf2 Qb7 39. Bg1 a4 40. g4 axb3 41. axb3 Qa8 42. gxf5+ exf5 43. Kf2 gxf4 44. exf4 Bh4+ 45. Ke3 Qa1 46. Nf3 Bxf3 47. Kxf3 Qxg1 48. Qg2+ Qxg2+ 49. Kxg2 Kh5 50. Kf3 Be7 51. Kg3 Kg6 52. Kf3 Kf7 53. Kg3 Ke6 54. Kf3 h5 55. Kg3 h4+ 56. Kf3 Bf8 57. Ke3 Bg7 58. Kf3 Bxe5 59. Ke3 Bxf4+ 60. Kxf4 Kf6 61. Kf3 Ke5 62. Ke3 f4+ 63. Kf3 Kf5 64. Kf2 Ke4 65. Ke2 f3+ 66. Kf2 Kf4 67. Kf1 Kg3 68. Kg1 Kxh3 69. Kf2 Kg4 0-1

[Event "European Online Club-ch-A 2021"]
[Site "Online"]
[Date "2021.03.27"]
[Round "3.13"]
[White "Schmidek, Emil"]
[Black "Celik, Hasan Huseyin"]
[Result "1/2-1/2"]
[ECO "D10"]
[WhiteElo "2402"]
[BlackElo "2173"]
[Annotator "NA"]
[PlyCount "158"]
[EventDate "2021.03.27"]
[EventType "team-tourn"]
[EventCountry "NET"]
[SourceTitle "playchess.com"]
[Source "ChessBase"]
[SourceQuality "1"]
[TimeControl "900+5"]

1. d4 d5 2. c4 c6 3. Nc3 dxc4 4. e4 b5 5. a4 b4 6. Nce2 a5 7. Ng3 Ba6 8. Nf3 e6 9. Be3 Nf6 10. Ne5 Nbd7 11. Nxc4 Be7 12. Rc1 O-O 13. Be2 Rc8 14. O-O c5 15. d5 exd5 16. exd5 Bxc4 17. Bxc4 Ne5 18. Nf5 Ne4 19. Ba6 Rc7 20. f4 Ng6 21. Re1 Bd6 22. Bd3 Nf6 23. Nxd6 Qxd6 24. Bxg6 hxg6 25. Qf3 Rfc8 26. b3 Qxd5 27. Qxd5 Nxd5 28. Bf2 Nxf4 29. Rc4 Nd3 30. Re3 Nxf2 31. Kxf2 Rd7 32. Re5 Rd2+ 33. Kf1 Rb2 34. Rexc5 Rd8 35. Rc8 Rxc8 36. Rxc8+ Kh7 37. Ra8 Rxb3 38. Rxa5 Ra3 39. Kf2 f5 40. Ra7 g5 41. a5 Kg6 42. Rb7 Rxa5 43. Rxb4 g4 44. Kg3 Ra2 45. Rb7 Kh6 46. Rb6+ Kg5 47. h4+ gxh3 48. Kxh3 Kh5 49. Rb5 g6 50. g4+ Kg5 51. gxf5 gxf5 52. Kg3 Ra3+ 53. Kf2 Kg4 54. Rb8 Rc3 55. Ra8 Rc2+ 56. Kf1 Kg3 57. Ra3+ Kg4 58. Rb3 f4 59. Ra3 Rd2 60. Rb3 Ra2 61. Rc3 Ra8 62. Kf2 Rd8 63. Ra3 Rb8 64. Kg2 Rb4 65. Kf2 Rb2+ 66. Kf1 Rc2 67. Rb3 Ra2 68. Rc3 Ra4 69. Kf2 f3 70. Rc8 Ra2+ 71. Kf1 Ra5 72. Rg8+ Rg5 73. Rxg5+ Kxg5 74. Kf2 Kf4 75. Kf1 Ke4 76. Kf2 Kf4 77. Kf1 Kg3 78. Kg1 f2+ 79. Kf1 Kf3 1/2-1/2

[Event "European Online Club-ch-A 2021"]
[Site "Online"]
[Date "2021.03.27"]
[Round "3.14"]
[White "Durak, Can"]
[Black "Agopov, Mikael"]
[Result "0-1"]
[ECO "E51"]
[WhiteElo "2187"]
[BlackElo "2427"]
[Annotator "NA"]
[PlyCount "100"]
[EventDate "2021.03.27"]
[EventType "team-tourn"]
[EventCountry "NET"]
[SourceTitle "playchess.com"]
[Source "ChessBase"]
[SourceQuality "1"]
[TimeControl "900+5"]

1. d4 Nf6 2. c4 e6 3. Nc3 Bb4 4. e3 O-O 5. Bd2 b6 6. Nf3 Bb7 7. Rc1 d5 8. cxd5 exd5 9. Be2 a6 10. O-O Nbd7 11. Ne5 Nxe5 12. dxe5 Nd7 13. Nxd5 Bxd2 14. Qxd2 Nxe5 15. Rfd1 c5 16. Qc3 Ng6 17. Bf3 Ra7 18. Nf4 Qe7 19. Bxb7 Rxb7 20. Nh5 Qe5 21. Rd5 Qxc3 22. bxc3 Ne7 23. Rd2 g6 24. Nf4 b5 25. Rd6 Ra8 26. Nd3 Rc7 27. g3 Kg7 28. Kg2 Nc8 29. Rd5 c4 30. Nb4 Ne7 31. Rd6 a5 32. Nc2 Rb8 33. Rb1 Rc5 34. Ra6 b4 35. cxb4 axb4 36. Rxb4 Rd8 37. Raa4 Rd2 38. Na3 Rf5 39. Nxc4 Rdxf2+ 40. Kg1 Rf1+ 41. Kg2 R5f2+ 42. Kh3 Rh1 43. g4 Rhxh2+ 44. Kg3 Nd5 45. Rb3 Nf6 46. Nd6 h5 47. gxh5 Nxh5+ 48. Kg4 Rhg2+ 49. Kh3 Rg3+ 50. Kh4 Rh2# 0-1